 Dungeon Crawl Stone Soup version 0.26-a0-651-gb41185065b (webtiles) character file.

Game seed: 15566319122411002053

(classic levelgen) 19 EnegeticOcto the Sneak (level 2, -1/27 HPs)
             Began as a Deep Dwarf Delver on Oct 23, 2020.
             Was an Initiate of Okawaru.
             Slain by Sigmund
             ... wielding a +0 scythe
              (5 damage)
             ... on level 4 of the Dungeon.
             The game lasted 00:00:53 (139 turns).

EnegeticOcto the Sneak (Deep Dwarf Delver)           Turns: 139, Time: 00:00:53

Health: -1/27      AC:  3    Str: 21    XL:     2   Next: 55%
Magic:  2/2        EV: 12    Int: 10    God:    Okawaru [......]
Gold:   31         SH:  0    Dex: 14    Spells: 1/1 levels left

rFire    . . .     SeeInvis .   a - +0 hand axe
rCold    . . .     Faith    .   (no shield)
rNeg     . . .     Spirit   .   b - +0 leather armour
rPois    .         Reflect  .   (no helmet)
rElec    .         Harm     .   (no cloak)
rCorr    .         Rampage  .   (no gloves)
MR       .....                  (no boots)
Stlth    +++.......             (no amulet)
HPRegen  0.00/turn              i - +6 ring of strength
MPRegen  0.08/turn              (no ring)

@: non-regenerating
A: damage resistance, heal wounds, sense surroundings 1, no regeneration
a: Heal Wounds, Renounce Religion


You were on level 4 of the Dungeon.
You worshipped Okawaru.
Okawaru was noncommittal.
You visited 1 branch of the dungeon, and saw 3 of its levels.

You collected 31 gold pieces.

Inventory:

Hand Weapons
 a - a +0 hand axe (weapon)
Armour
 b - a +0 leather armour (worn)
Jewellery
 i - a +6 ring of strength (left hand)
Wands
 g - a wand of digging (3) {@v3}
Scrolls
 c - a scroll of fog
 d - a scroll of magic mapping {@r5}
 e - 2 scrolls of fear
 h - a scroll of amnesia {unknown}
Potions
 f - a potion of haste {@q4}
 j - 2 potions of might {unknown}


   Skills:
 - Level 2.6 Fighting
 * Level 3.5 Axes
 - Level 2.1 Dodging
 - Level 6.0 Stealth
 + Level 0.0 Invocations


You had one spell level left.
You didn't know any spells.
Your spell library was empty.

Dungeon Overview and Level Annotations

Branches:
Dungeon (6/15)
 Temple: D:4-7

Altars:
Okawaru
Sif Muna

Annotations:
D:4 Sigmund


Innate Abilities, Weirdness & Mutations

You are resistant to damage.
You can heal yourself by infusing magical energy.
You passively map a small area around you.
You do not regenerate.


Message History

The killer bee zombie is heavily damaged.
The killer bee zombie closely misses you.
The killer bee zombie barely misses you.
You hit the killer bee zombie.
The killer bee zombie is severely damaged.
The killer bee zombie hits you.
The killer bee zombie barely misses you.
You hit the killer bee zombie.
The killer bee zombie is almost destroyed.
The killer bee zombie closely misses you.
The killer bee zombie barely misses you.
You hit the killer bee zombie.
You destroy the killer bee zombie!
Your Axes skill increases to level 3!
You have reached level 2!
Found a bronze ring.
Found 10 bolts.
i - a bronze ring You feel stronger.
i - a +6 ring of strength (left hand)
There is a stone staircase leading up here.
Found a stone staircase leading up.
Found a scroll labeled LAIBRY SEUB.
Found an iron altar of Okawaru and a shimmering blue altar of Sif Muna.
You see here 10 bolts.
You see here 10 bolts.
Press: ? - help, . - travel You can't see that place. [an iron altar of Okawaru.]
There is an iron altar of Okawaru here.
You kneel at the altar of Okawaru.
Okawaru welcomes you!
You see here 10 bolts.
There is a stone staircase leading up here.
You climb upwards.
Found 31 gold pieces and a scroll of fear.
Found a stone staircase leading up.
There is a stone staircase leading down here.
Found 2 scrolls labeled NAREUFY OZIELE.
You now have 12 gold pieces.
There is a stone staircase leading down here.
e - 2 scrolls of fear (gained 1)
You now have 31 gold pieces (gained 19).
There is a stone staircase leading up here.
You climb upwards.
Found 2 pink potions, 15 gold pieces and 13 poisoned darts.
There is a stone staircase leading down here.
Sigmund the Dreaded comes into view.
He is wielding a +0 scythe.
Sigmund shouts!
You hear a bark!
You see here 2 pink potions.
There is a stone staircase leading down here.
You see here 2 pink potions.
j - 2 pink potions Sigmund points at you and mumbles some strange words.
The puff of flame hits you!
You feel much better. Sigmund hits you with a +0 scythe!
You closely miss Sigmund. Sigmund closely misses you.
You closely miss Sigmund. Sigmund gestures at you while chanting.
The puff of flame hits you!
* * * LOW HITPOINT WARNING * * *
You fail to use your ability.
Sigmund misses you.
You feel much better.
You hit Sigmund.
Sigmund is moderately wounded.
Sigmund gestures at you while chanting.
You are confused.
You are too confused!
You are too confused!
Sigmund closely misses you.
You bump into the rock wall.
Sigmund casts a spell.
Sigmund flickers and vanishes!
Deactivating autopickup; reactivate with Ctrl-A.
You closely miss something.
You hear some strange, mumbled words.
Something tries to affect you, but you resist.
Something hits you.
You feel less confused.
You hear some strange, mumbled words.
You are confused.
Found a scroll labeled VAVIUD GIRISIX and a flail.
You miss something. Something barely misses you.
You bump into the rock wall.
Something barely misses you.
You hear some strange, mumbled words.
You are more confused.
You bump into the rock wall.
Something hits you.
A jackal comes into view.
Something hits you. Something hits you!
You bump into the rock wall.
Something hits you.
You hear some strange, mumbled words.
A puff of flame appears from out of thin air!
The puff of flame hits you!
* * * LOW HITPOINT WARNING * * *
You're too confused to move!
You feel less confused. Something hits you.
You die...

, , * > , * , , , * *
* * ** ,
.################## ,
,
,,).......{..>......$
*
..........@........,
,?####.#.###.#.#..#.
* # #...#.#...## ,
###.#.. .## , , , *
,.......* * *, ,
#..##.# ,, * #..# .(
, ** * .... , * * , ,
.#* ,


There were no monsters in sight!

Vanquished Creatures
  A killer bee zombie (D:6)
1 creature vanquished.

Notes
Turn   | Place    | Note
-------+----------+-------------------------------------------
     0 | D:5      | EnegeticOcto the Deep Dwarf Delver began the quest for the
                  | Orb.
     0 | D:5      | Reached XP level 1. HP: 20/20 MP: 1/1
    19 | D:6      | Reached XP level 2. HP: 17/27 MP: 2/2
    44 | D:6      | Found an iron altar of Okawaru.
    44 | D:6      | Found a shimmering blue altar of Sif Muna.
    73 | D:6      | Became a worshipper of Warmaster Okawaru
   108 | D:4      | Noticed Sigmund
   139 | D:4      | Slain by Sigmund

Illustrated notes

Levels and vault maps discovered:
D:4:      layout_rooms, minmay_temple_entry_gardened_gates,
          kennysheep_cluttered_room, uniq_sigmund, uniq_grinder,
          uniq_crazy_yiuf_cottage, uniq_edmund, uniq_blork_the_orc
D:5:      layout_basic, grunt_dithmenos_smoke_and_mirrors,
          hangedman_decor_points
D:6:      layout_basic, grunt_temple_overflow_holy_war, marbit_many_paths,
          amethyst_overflow_temple_binary, minmay_manual_moon

Skill      XL: |  1 |
---------------+----+-----
Axes           | 3 |  3.5
Fighting       | |  2.6
Dodging        | |  2.1
Stealth        | |  6.0

Action                   || total
-------------------------++-------
Melee: Hand axe          ||    12
 Abil: Heal Wounds       ||     2
 Stab: Sleeping          ||     1
Armor: Leather armour    ||     2
Dodge: Dodged            ||    13

Table legend: (Time is in decaauts)
 A = Elapsed time spent in this place.
 B = Non-inter-level travel time spent in this place.
 C = Inter-level travel time spent in this place.
 D = Time resting spent in this place.
 E = Time spent auto-exploring this place.
 F = Levels seen in this place.
 G = Mean time per level.
                   A        B        C        D        E       F      G
               +--------+--------+--------+--------+--------+-----+--------+
         Total |    140 |    127 |     13 |      0 |      0 |   3 |   46.7 |
       Dungeon |    140 |    127 |     13 |      0 |      0 |   3 |   46.7 |
               +--------+--------+--------+--------+--------+-----+--------+

Top non-repeatable levels by time:
     D:6: 77 daAuts
     D:4: 33 daAuts
     D:5: 29 daAuts
